 Dungeon Crawl Stone Soup version 0.15.0-14-g6bbbb5c (webtiles) character file.

413 Kex the Chopper (level 6, -1/56 HPs)
             Began as a Minotaur Berserker on Sept 5, 2014.
             Was a Priest of Trog.
             Slain by a phantom (8 damage)
             ... on Level 4 of the Dungeon.
             The game lasted 00:09:32 (2347 turns).

Kex the Chopper (Minotaur Berserker)                Turns: 2347, Time: 00:09:32

HP  -1/56        AC  7     Str 22      XL: 6   Next: 59%
MP   3/3         EV  9     Int  4      God: Trog [***...]
Gold 106         SH  0     Dex 11      Spells:  0 memorised,  5 levels left

rFire  . . .     SeeInvis .     a - +0 hand axe
rCold  . . .     Clarity  .     o - +0 scale mail
rNeg   . . .     rCorr    .     (no shield)
rPois  .         rRot     .     (helmet restricted)
rElec  .         Spirit   .     (no cloak)
SustAb .         Warding  .     (no gloves)
rMut   .         Stasis   .     (no boots)
Gourm  .                        (no amulet)
MR     .....                    (no ring)
                                (no ring)

@: not resistant to hostile enchantments, extremely unstealthy
A: retaliatory headbutt, horns 2
a: Burn Spellbooks, Berserk, Trog's Hand, Renounce Religion


You were on level 4 of the Dungeon.
You worshipped Trog.
Trog was most pleased with you.
You were near starving.

You visited 1 branch of the dungeon, and saw 4 of its levels.

You collected 106 gold pieces.

Inventory:

Hand weapons
 a - a +0 hand axe (weapon)
Armour
 o - a +0 scale mail (worn)
 t - a troll hide {Purgy}
Comestibles
 c - 3 bread rations
 s - a chunk of goblin flesh
Scrolls
 g - 2 scrolls of recharging {unknown}
 h - 2 scrolls of enchant weapon {unknown}
 i - 3 scrolls of identify {unknown}
 j - a scroll of amnesia {unknown}
 m - 2 scrolls of fog {unknown}
 n - a scroll of remove curse {unknown}
 r - a scroll of noise {unknown}
 u - a scroll of fear {unknown}
Jewellery
 e - an uncursed ring of poison resistance {unknown}
 f - an uncursed ring of protection from fire {unknown}
 k - an uncursed ring of wizardry {unknown}
 p - a +5 ring of dexterity {unknown}
Potions
 b - a potion of invisibility {unknown}
 d - a potion of lignification {unknown}
 l - 2 potions of agility {unknown}
 q - a potion of heal wounds {unknown}
 v - a potion of resistance {unknown}


   Skills:
 + Level 5.3 Fighting
 + Level 5.8 Axes
 + Level 4.1 Armour
 + Level 4.5 Dodging


You had 5 spell levels left.
You didn't know any spells.

Dungeon Overview and Level Annotations

Branches:
Dungeon (4/15)
 Temple: D:4-7

Altars:
Cheibriados
Fedhas
Qazlal
Yredelemnul


Innate Abilities, Weirdness & Mutations

You reflexively headbutt those who attack you in melee.
You have a pair of horns on your head.


Message History

You closely miss the phantom. You headbutt the phantom!
The phantom is heavily damaged.
The phantom misses you. You furiously retaliate!
You headbutt the phantom, but do no damage.
Your scale mail prevents you from hitting the phantom.
The phantom is heavily damaged.
The phantom blinks!
The phantom blinks!
You slash the phantom! Your headbutt misses the phantom.
The phantom is severely damaged.
The phantom hits you.
* * * LOW HITPOINT WARNING * * *
You hit the phantom but do no damage. Your headbutt misses the phantom.
The phantom is severely damaged.
The phantom hits you.
* * * LOW HITPOINT WARNING * * *
You hit the phantom.
The phantom is almost destroyed.
The phantom hits you!
You die...

#. #.# #. . ##.
### .# .. ..# .##
#.##.## .... #
#.#...##..#. .
##.#............
#...W..?..#<..
......#.@....##..
#?# #.#...###.#
#.##.## #.# #
#.#.##.####.#
#... #..........#
#.##
#.#########.#
#.## #...# #.##
#.### #.## ###.#
#.##


You could see a phantom.

Vanquished Creatures
  Purgy (D:3)
  Sigmund (D:3)
  Duvessa (D:4)
  Dowan (D:4)
  A worker ant (D:4)
  An adder (D:3)
  4 worms
  An ooze (D:3)
  5 orcs (D:3)
  5 giant cockroaches
  7 goblins
  8 hobgoblins
  6 jackals
  3 quokkas
  9 bats
  2 giant geckos
  4 giant newts
  7 kobolds
  7 rats
74 creatures vanquished.

Notes
Turn   | Place    | Note
--------------------------------------------------------------
     0 | D:1      | Kex, the Minotaur Berserker, began the quest for the Orb.
     0 | D:1      | Reached XP level 1. HP: 19/19 MP: 1/1
   174 | D:1      | Reached XP level 2. HP: 22/27 MP: 1/1
   218 | D:1      | Reached skill level 4 in Axes
   415 | D:1      | Acquired Trog's second power
   839 | D:2      | Reached XP level 3. HP: 25/33 MP: 2/2
  1442 | D:3      | Noticed Sigmund
  1449 | D:3      | Killed Sigmund
  1449 | D:3      | Reached skill level 5 in Axes
  1449 | D:3      | Reached XP level 4. HP: 41/41 MP: 2/2
  1486 | D:3      | Reached XP level 5. HP: 34/47 MP: 2/2
  1564 | D:3      | Found a snail-covered altar of Cheibriados.
  1595 | D:3      | Noticed Purgy
  1605 | D:3      | Killed Purgy
  1605 | D:3      | Reached skill level 5 in Fighting
  1605 | D:3      | Reached XP level 6. HP: 40/56 MP: 3/3
  1937 | D:3      | Found a basalt altar of Yredelemnul.
  2258 | D:4      | Found a stormy altar of Qazlal.
  2258 | D:4      | Noticed Duvessa
  2262 | D:4      | Found a blossoming altar of Fedhas.
  2262 | D:4      | Noticed Dowan
  2275 | D:4      | Killed Duvessa
  2278 | D:4      | Killed Dowan
  2347 | D:4      | Slain by a phantom

Action                   |  1- 3 |  4- 6 || total
-------------------------+-------+-------++-------
Melee: Hand axe          |   113 |    85 ||   198
Invok: Berserk           |     1 |     2 ||     3
       Burn Spellbooks   |       |     1 ||     1
       Trog's Hand       |       |     1 ||     1
  Eat: Chunk             |     1 |     5 ||     6
